 Dungeon Crawl Stone Soup version 0.31-a0-182-gc5ef74bbde (webtiles) character file.

Game seed: 14211543342457791112

398 2FriedEggs the Cudgeller (level 6, 56/56 HPs)
             Began as a Minotaur Fighter on June 7, 2023.
             Quit the game on level 3 of the Dungeon on June 20, 2023.
             The game lasted 00:08:45 (2443 turns).

2FriedEggs the Cudgeller (Minotaur Fighter)         Turns: 2443, Time: 00:08:45

Health: 56/56      AC:  8    Str: 23    XL:     6   Next: 53%
Magic:  5/5        EV:  8    Int:  5    God:
Gold:   202        SH: 10    Dex: 12    Spells: 5/5 levels left

rFire   . . .        l - +7 sceptre of Torment {pain, torment}
rCold   + . .        v - +2 kite shield of Divine Intervention {rCorr}
rNeg    . . .        b - +0 scale mail
rPois   +            (helmet restricted)
rElec   .            q - +0 cloak
rCorr   +            (no gloves)
SInv    .            (no boots)
Will    .....        c - amulet "Kiom" {Faith rPois rC+ Dex+3} Stlth
                     g - ring of poison resistance
HPRegen 0.29/turn    (no ring)
MPRegen 0.09/turn

%: faith
@: no status effects
A: horns 2, retaliatory headbutt
a: no special abilities


You were on level 3 of the Dungeon.
You visited 1 branch of the dungeon, and saw 3 of its levels.
You also visited: Sewer.

You collected 202 gold pieces.

Inventory:

Hand Weapons
 a - a +0 flail
 l - the +7 sceptre of Torment (weapon) {pain, torment}
   (You acquired it on level 2 of the Dungeon)
Armour
 b - a +0 scale mail (worn)
 q - a +0 cloak (worn)
 v - the +2 kite shield of Divine Intervention (worn) {rCorr}
   (You acquired it on level 3 of the Dungeon)

   rCorr:     It protects you from acid and corrosion.
Jewellery
 c - the amulet "Kiom" (around neck) {Faith rPois rC+ Dex+3}
   (You acquired it on level 2 of the Dungeon)

   [amulet of faith]

   It allows you to gain divine favour quickly.
   Dex:       It affects your dexterity (+3).
   rC:        It protects you from cold.
   rPois:     It protects you from poison.
 e - a ring of ice
 g - a ring of poison resistance (left hand)
 r - an amulet of reflection
Scrolls
 f - 5 scrolls of teleportation
 i - 3 scrolls of identify
 j - a scroll of enchant weapon {unknown}
 n - a scroll of amnesia {unknown}
 o - 2 scrolls of blinking {unknown}
 s - a scroll of fear {unknown}
 t - a scroll of fog {unknown}
 u - a scroll of enchant armour {unknown}
 w - 2 scrolls of immolation {unknown}
Potions
 d - a potion of might
 h - 2 potions of haste {unknown}
 k - 2 potions of cancellation {unknown}
 m - a potion of curing {unknown}
 p - a potion of mutation {unknown}


   Skills:
 - Level 5.4 Fighting
 * Level 7.3 Maces & Flails
 - Level 3.6 Armour
 + Level 3.8 Shields


You had 5 spell levels left.
You didn't know any spells.
Your spell library contained the following spells:

 Spells                   Type           Power      Damage    Failure   Level
 Sandblast                Erth           0%         2d4       96%         1
 Passwall                 Tmut/Erth      0%         N/A       99%         2
 Gell's Gravitas          Tloc           0%         N/A       100%        3
 Stone Arrow              Conj/Erth      0%         3d7       100%        3
 Teleport Other           Tloc           0%         N/A       100%        3
 Dispersal                Tloc           0%         N/A       100%        6


Dungeon Overview and Level Annotations

Branches:
Dungeon (3/15)              Sewer (visited)

Altars:


Innate Abilities, Weirdness & Mutations

You have a pair of horns on your head.
You reflexively headbutt those who attack you in melee.


Message History

A frilled lizard comes into view.
The frilled lizard hisses angrily.
You barely miss the hobgoblin. Your headbutt misses the hobgoblin.
You block the hobgoblin's attack.
A ball python comes into view.
You barely miss the hobgoblin.
The ball python hisses angrily.
Your headbutt misses the hobgoblin.
The hobgoblin hits you but does no damage.
You bludgeon the hobgoblin!!
You kill the hobgoblin!
The ball python bites you but does no damage.
You block the ball python's attack. You block the frilled lizard's attack.
You see here a hobgoblin corpse.
You hit the ball python.
You kill the ball python!
You block the frilled lizard's attack.
You thump the frilled lizard!
You kill the frilled lizard!
No target in view!
No target in view!
No target in view!
No target in view!
No target in view!
No target in view!
No target in view!
No target in view!
No target in view!
No target in view!
No target in view!
No target in view!
No target in view!
A goblin comes into view. It is wielding a +0 hand axe.
You see here a frilled lizard corpse.
A goblin is nearby!
A goblin is nearby!
Saving game... please wait.
Welcome back, 2FriedEggs the Minotaur Fighter.
Press ? for a list of commands and other information.
Are you sure you want to abandon this character and quit the game? (Confirm with "yes".)

.......# .# .....#.# .#
.....#.##########.#
.....#............####
^................<...
..(................
................†######.
..>.....#...##.†........
......>.#.#.##..@#######
.....)..................
..................$...##
..............#...#...#
..#.#.........~~~~~.....
..#.#.......#~~~~~~~#...
....#....<...~~~~~~~~...
.............~g~.~~~....
..).#...)....~~~~~~~~..#


You could see a goblin (wandering).

Vanquished Creatures
  A kobold brigand (Sewer)
  Natasha (twice) (D:3)
  5 river rats (Sewer)
  12 adders
  3 worms
  4 dart slugs
  An orc (D:3)
  6 endoplasms
  3 giant cockroaches
  9 goblins
  6 hobgoblins
  5 jackals (Sewer)
  6 kobolds
  7 quokkas
  8 ball pythons
  4 bats
  11 frilled lizards
  28 rats
121 creatures vanquished.

Notes
Turn   | Place    | Note
-------+----------+-------------------------------------------
     0 | D:1      | 2FriedEggs the Minotaur Fighter began the quest for the
                  | Orb.
     0 | D:1      | Reached XP level 1. HP: 19/19 MP: 0/0
    90 | D:1      | Reached skill level 3 in Maces & Flails
    95 | D:1      | Reached XP level 2. HP: 23/26 MP: 1/1
   267 | D:1      | Reached skill level 4 in Maces & Flails
   436 | D:1      | Reached XP level 3. HP: 33/33 MP: 2/2
   827 | D:2      | Found a faded altar of an unknown god.
  1026 | D:2      | Identified the +9 dagger "Roicaf" {flame, rCorr Str-4 Dex+3
                  | Stlth+}
  1129 | D:2      | Reached XP level 4. HP: 40/40 MP: 3/3
  1137 | D:2      | Reached skill level 5 in Maces & Flails
  1495 | D:3      | Found a glowing drain.
  1511 | Sewer    | Entered a sewer
  1514 | Sewer    | Noticed a kobold brigand
  1528 | Sewer    | Killed a kobold brigand
  1529 | Sewer    | Reached skill level 6 in Maces & Flails
  1529 | Sewer    | Reached XP level 5. HP: 34/47 MP: 4/4
  1613 | Sewer    | Reached skill level 5 in Fighting
  1933 | Sewer    | Reached XP level 6. HP: 55/56 MP: 5/5
  2197 | D:3      | Identified 3 scrolls of acquirement
  2198 | D:3      | Acquired the +2 kite shield of Divine Intervention {rCorr}
  2225 | D:2      | Acquired the amulet "Kiom" {Faith rPois rC+ Dex+3}
  2237 | D:2      | Acquired the +7 sceptre of Torment {pain, torment}
  2237 | D:2      | Found the +7 sceptre of Torment {pain, torment}
  2253 | D:3      | Reached skill level 7 in Maces & Flails
  2314 | D:3      | Noticed Natasha
  2320 | D:3      | Killed Natasha
  2420 | D:3      | Noticed Natasha
  2424 | D:3      | Killed Natasha
  2443 | D:3      | Upgraded the game from 0.31-a0-145-g046c7d2549 to
                  | 0.31-a0-182-gc5ef74bbde
  2443 | D:3      | Quit the game

Illustrated notes

Levels and vault maps discovered:
D:1:      grunt_arrival_lava_bath, layout_basic, minmay_tetromino_t4
D:2:      kennysheep_six_static_rooms, layout_basic, basic_ecumenical_altar
D:3:      layout_rooms, cheibrodos_sewer_entry_drain, minmay_rat_hole,
          uniq_natasha

Skill      XL: |  1  2  3  4  5  6 |
---------------+-------------------+-----
Maces & Flails | 3 4 6 7 |  7.3
Fighting       | 4 5 |  5.4
Armour         | |  3.6
Shields        | |  3.8

Action                     |  1- 3 |  4- 6 || total
---------------------------+-------+-------++-------
  Melee: Flail             |    94 |   155 ||   249
         Headbutt          |    11 |    16 ||    27
         Eveningstar       |       |    43 ||    43
    Use: Scroll            |       |     5 ||     5
 Armour: Scale mail        |    39 |    67 ||   106
  Dodge: Dodged            |    44 |    76 ||   120
  Block: Buckler           |    21 |    70 ||    91
         Kite shield       |       |    19 ||    19
         Other             |       |     2 ||     2

Table legend: (Time is in decaauts)
 A = Elapsed time spent in this place.
 B = Non-inter-level travel time spent in this place.
 C = Inter-level travel time spent in this place.
 D = Time resting spent in this place.
 E = Time spent auto-exploring this place.
 F = Levels seen in this place.
 G = Mean time per level.
                   A        B        C        D        E       F      G
               +--------+--------+--------+--------+--------+-----+--------+
         Total |   2614 |   2595 |     19 |      0 |   1892 |   4 |  653.5 |
       Dungeon |   1814 |   1795 |     19 |      0 |   1289 |   3 |  604.7 |
         Sewer |    799 |    799 |      0 |      0 |    603 |   1 |  799.0 |
               +--------+--------+--------+--------+--------+-----+--------+

Top non-repeatable levels by time:
     D:1: 816 daAuts
   Sewer: 799 daAuts
     D:2: 727 daAuts
     D:3: 270 daAuts
